 Dungeon Crawl Stone Soup version 0.20-a0-12-g90c15da (webtiles) character file.

92 pokedragonboy the Shooter (level 4, -7/37 HPs)
             Began as a Centaur Hunter on Nov 3, 2016.
             Mangled by a gnoll
             ... wielding a +0 halberd
              (12 damage)
             ... on level 3 of the Dungeon.
             The game lasted 00:03:21 (2146 turns).

pokedragonboy the Shooter (Centaur Hunter)          Turns: 2146, Time: 00:03:22

Health: -7/37      AC:  6    Str: 15      XL:     4   Next: 35%
Magic:  4/4        EV:  9    Int: 10 (11) God:
Gold:   88         SH:  0    Dex:  9      Spells: 0 memorised, 3 levels left

rFire  . . .     SeeInvis .     b - +0 mace
rCold  . . .     Gourm    .     c - +1 leather armour
rNeg   . . .     Faith    .     (no shield)
rPois  +         Spirit   .     m - +0 helmet
rElec  .         Reflect  .     (no cloak)
rCorr  .         Harm     .     (no gloves)
MR     .....                    (no barding)
Stlth  ++........               (no amulet)
                                o - ring of stealth
                                k - ring of poison resistance (curse)

@: very quick
A: hooves 3, deformed body, deterioration 1, speed 2, tough skin 3
a: no special abilities


You were on level 3 of the Dungeon.
You were not hungry.

You visited 1 branch of the dungeon, and saw 3 of its levels.

You collected 88 gold pieces.

Inventory:

Hand Weapons
 a - a +1 shortbow
 b - a +0 mace (weapon)
Missiles
 d - 57 arrows
Armour
 c - a +1 leather armour (worn)
 m - a +0 helmet (worn)
Jewellery
 k - a cursed ring of poison resistance (left hand)
 o - a ring of stealth (right hand)
Potions
 g - a potion of resistance
 i - 7 potions of curing
Comestibles
 f - 2 bread rations
 h - a beef jerky
 l - 2 chunks of flesh
 n - a meat ration


   Skills:
 + Level 2.8 Fighting
 * Level 6.7 Bows
 + Level 2.0 Dodging
 - Level 0.4 Stealth


You had 3 spell levels left.
You didn't know any spells.

Dungeon Overview and Level Annotations

Branches:
Dungeon (3/15)

Altars:
The Shining One


Innate Abilities, Weirdness & Mutations

You have hooves in place of feet.
Armour fits poorly on your strangely shaped body.
You cover ground very quickly.
You have extremely tough skin. (AC +3)
Your body sometimes deteriorates upon taking damage.


Message History

The gnoll hits you from afar with a halberd.
The gnoll closely misses you.
You hit the gnoll but do no damage. You kick the gnoll.
The gnoll is lightly wounded.
The gnoll closely misses you. x2; The gnoll hits you with a halberd.
You completely miss the gnoll. You kick the gnoll, but do no damage.
The gnoll hits you with a halberd! The gnoll hits you but does no damage.
The gnoll hits you with a halberd.
Your leather armour prevents you from hitting the gnoll.
Your kick misses the gnoll. The gnoll closely misses you. x2
The gnoll hits you with a halberd!
* * * LOW HITPOINT WARNING * * *
Your body deteriorates!
You feel dopey. The gnoll closely misses you.
Some of the chunks of flesh in your inventory have rotted away.
You are too injured to fight recklessly!
You hit the gnoll but do no damage. You kick the gnoll.
The gnoll is lightly wounded.
The gnoll barely misses you. The gnoll hits you with a halberd!
You die...

#.#.# #.#.# ###
#.#.###.##
#####.#.##.#.#########
#.....#.#.###.........
#.##.<...## ##.######.
#.##.g#.## ##..# #.
#.##gg##.## ##.#.# #.
#.##.@###.###.##.# #.
###### #.##..#
##.#.###.# #. .....#
#.##..# ##.## #.# #.
####.# #.##..# #.# #.#
#. #.# #.##..#
#.####.####. #.#
##.##..# #...........
#.# #......#
######.#####
####.######..##..# #.#
.................# #.#


You could see 3 gnolls.

Vanquished Creatures
  A howler monkey (D:3)
  An adder (D:3)
  A dart slug (D:1)
  2 leopard geckos
  A ball python (D:3)
  2 giant cockroaches
  4 goblins (D:1)
  8 hobgoblins
  4 jackals (D:3)
  A quokka (D:3)
  4 bats
  3 kobolds (D:1)
  7 rats
39 creatures vanquished.

Notes
Turn   | Place    | Note
-------+----------+-------------------------------------------
     0 | D:1      | pokedragonboy the Centaur Hunter began the quest for the Orb.
     0 | D:1      | Reached XP level 1. HP: 17/17 MP: 1/1
   489 | D:1      | Reached XP level 2. HP: 12/24 MP: 2/2
  1384 | D:2      | Found a glowing golden altar of the Shining One.
  1467 | D:2      | Reached skill level 6 in Bows
  1520 | D:2      | You fall through a shaft!
  1557 | D:3      | Noticed a howler monkey
  1565 | D:3      | Killed a howler monkey
  1565 | D:3      | Reached XP level 3. HP: 23/30 MP: 3/3
  1614 | D:3      | Reached XP level 4. HP: 30/37 MP: 4/4
  1909 | D:3      | Gained mutation: Your body sometimes deteriorates upon taking damage. [potion of mutation]
  1909 | D:3      | Gained mutation: Your mind is acute. (Int +2) [potion of mutation]
  1909 | D:3      | Lost mutation: Your mind is acute. (Int +2) [potion of mutation]
  2146 | D:3      | Mangled by a gnoll

Vault maps used:
D:1:      dpeg_cavernosity
D:2:      tso_metal_star, hangedman_decor_growths

Skill      XL: |  1  2  3 |
---------------+----------+-----
Bows           | 6 |  6.7
Dodging        | 2 |  2.0
Fighting       | |  2.8
Stealth        | |  0.4

Action                   |  1- 3 |  4- 6 || total
-------------------------+-------+-------++-------
Melee: Mace              |    64 |    57 ||   121
       Kick              |    12 |    11 ||    23
 Fire: Shortbow          |     7 |       ||     7
  Use: Scroll            |     5 |       ||     5
       Potion            |       |     5 ||     5
  Eat: Chunk             |     1 |     2 ||     3
Armor: Leather armour    |    21 |    38 ||    59
Dodge: Dodged            |    33 |    55 ||    88
